 Dungeon Crawl Stone Soup version 0.19.0-2-gae57169 (webtiles) character file.

26 usedmeteor the Chopper (level 3, -1/34 HPs)
             Began as a Hill Orc Chaos Knight on Nov 4, 2016.
             Slain by a hobgoblin
             ... wielding a +0 club
              (3 damage)
             ... on level 2 of the Dungeon.
             The game lasted 00:07:01 (931 turns).

usedmeteor the Chopper (Hill Orc Chaos Knight)       Turns: 931, Time: 00:07:02

Health: -1/34      AC:  5    Str: 14 (15) XL:     3   Next: 8%
Magic:  3/3        EV: 11    Int: 10 (12) God:    Xom [..*...]
Gold:   36         SH:  0    Dex:  9 (10) Spells: 0 memorised, 2 levels left

rFire  . . .     SeeInvis +     w - -3 spear (curse)
rCold  . . .     Gourm    .     b - +2 leather armour
rNeg   . . .     Faith    .     (no shield)
rPois  .         Spirit   .     (no helmet)
rElec  .         Reflect  .     (no cloak)
rCorr  .         Harm     .     (no gloves)
MR     .....                    (no boots)
Stlth  +.........               (no amulet)
                                (no ring)
                                i - ring of see invisible

@: no status effects
A: no striking features
a: Renounce Religion


You were on level 2 of the Dungeon.
You worshipped Xom.
You were a toy of Xom.
You were not hungry.

You visited 1 branch of the dungeon, and saw 2 of its levels.

You collected 36 gold pieces.

Inventory:

Hand Weapons
 a - a +0 hand axe of chaos
 d - a +0 short sword
 g - a +0 club
 h - a +0 hunting sling
 j - a +0 club
 k - a +0 club
 m - a +0 whip
 n - a +0 club
 o - a +2 hunting sling of velocity
 t - a +0 mace
 u - a +0 hunting sling
 w - a cursed -3 spear (weapon)
Missiles
 e - 22 arrows
 p - 3 needles of sleeping
 r - 4 javelins (quivered)
Armour
 b - a +2 leather armour (worn)
 f - a +0 ring mail
 s - a +0 ring mail
 v - a +0 robe
Jewellery
 i - a ring of see invisible (left hand)
Scrolls
 q - 2 scrolls of identify
Potions
 l - a potion of might
 x - a potion of degeneration
Comestibles
 c - a bread ration


   Skills:
 + Level 4.4 Fighting
 + Level 4.5 Axes
 + Level 2.2 Armour
 + Level 1.0 Dodging


You had 2 spell levels left.
You didn't know any spells.

Dungeon Overview and Level Annotations

Branches:
Dungeon (2/15)

Altars:


Message History

The giant cockroach bites you.
* * * LOW HITPOINT WARNING * * *
The hobgoblin hits you with a club.
* * * LOW HITPOINT WARNING * * *
The hobgoblin hits you but does no damage.
You closely miss the giant cockroach.
The giant cockroach is moderately wounded.
The giant cockroach bites you but does no damage.
The hobgoblin misses you.
You closely miss the giant cockroach.
The giant cockroach is moderately wounded.
The giant cockroach bites you but does no damage.
The giant cockroach misses you. The hobgoblin barely misses you.
You barely miss the giant cockroach.
The giant cockroach is moderately wounded.
The worm barely misses you. The giant cockroach barely misses you.
You hit the giant cockroach but do no damage.
The giant cockroach is moderately wounded.
The hobgoblin hits you with a club.
You die...

## ## #.##
##...#..## ##
##....#...## .#
##.....#....##
#
#......#.....##
###### ....
#.g....# w....#
#.####sg####
####.#
##....w@## #.#
#..###### ##.##
#.## #<..####.#
###........#
PPP......###
♣......#.#
♣♣♣♣.P.#.#
PPP...##.#


You could see a worm, a giant cockroach and 2 hobgoblins.

Vanquished Creatures
  A dart slug (D:1)
  A leopard gecko (D:2)
  5 bats (D:1)
  A giant cockroach (D:2)
  A hobgoblin (D:1)
  A jackal (D:1)
  3 kobolds (D:1)
  A ball python (D:1)
  A frilled lizard (D:1)
  2 goblins (D:1)
  5 rats (D:1)
22 creatures vanquished.

Notes
Turn   | Place    | Note
-------+----------+-------------------------------------------
     0 | D:1      | usedmeteor the Hill Orc Chaos Knight began the quest for the Orb.
     0 | D:1      | Reached XP level 1. HP: 19/19 MP: 1/1
   180 | D:1      | Reached XP level 2. HP: 26/27 MP: 2/2
   224 | D:1      | Reached skill level 1 in Dodging
   243 | D:1      | XOM: divination: detect creatures
   444 | D:1      | XOM: noise
   810 | D:2      | Reached XP level 3. HP: 20/34 MP: 3/3
   836 | D:2      | XOM: polymorph kobold -> jackal
   931 | D:2      | Slain by a hobgoblin

Skill      XL: |  1  2 |
---------------+-------+-----
Fighting       | 4 |  4.4
Dodging        | 1 |  1.0
Axes           | |  4.5
Armour         | |  2.2

Action                   || total
-------------------------++-------
Melee: Hand axe          ||    49
       Spear             ||    78
  Use: Scroll            ||     3
       Potion            ||     5
Armor: Leather armour    ||    63
       Ring mail         ||     1
Dodge: Dodged            ||   101
